MWL (24 & UNDER)
CINCINNATI PRIDE @ PLUMSTEAD EAGLES
04/23/2023
 
TOP OF THE 1ST
Cincinnati Pride batting - Pitching for Plumstead Eagles : RHP Rich Townsley
Pitching: RHP Rich Townsley
Batting: SHB Nick Marshall 0-0: Called Strike
0-1: Swinging Strike
0-2: Ball
1-2: Ball
2-2: Strikes out swinging
Batting: LHB Ricardo Brandariz 0-0: Foul Ball, location: 2F
0-1: Ball
1-1: Ground out 4-3 (Groundball, 34)
Batting: RHB Fernando Díaz 0-0: Ground out 6-3 (Groundball, 6)
Top of the 1st over - 0 run(s), 0 hit(s), 0 error(s), 0 left on base; Cincinnati 0 - Plumstead 0
BOTTOM OF THE 1ST
Plumstead Eagles batting - Pitching for Cincinnati Pride : RHP Jesús Martínez
Pitching: RHP Jesús Martínez
Batting: RHB Tim Gardner 0-0: Ball
1-0: Ground out 5-3 (Groundball, 56S)
Batting: RHB Norogumi Tanaka 0-0: Ball
1-0: Ball
2-0: SINGLE (Groundball, 6MD)
Batting: SHB Oliver Deleón 0-0: Called Strike
0-1: Ball
1-1: Ball
2-1: Ball
3-1: Ground out 4-3 (Groundball, 4M)
Norogumi Tanaka to second
Batting: LHB Dave Pitts 0-0: Ball
1-0: Swinging Strike
1-1: Ball
2-1: Ball
3-1: Called Strike
3-2: Base on Balls
Batting: RHB Wyatt McKinnon 0-0: Ball
1-0: Foul Ball, location: 2F
1-1: Swinging Strike
1-2: Ground out 4-3 (Groundball, 4)
Bottom of the 1st over - 0 run(s), 1 hit(s), 0 error(s), 2 left on base; Cincinnati 0 - Plumstead 0
TOP OF THE 2ND
Cincinnati Pride batting - Pitching for Plumstead Eagles : RHP Rich Townsley
Batting: RHB Richard Case 0-0: Called Strike
0-1: Ball
1-1: Called Strike
1-2: Strikes out swinging
Batting: RHB Francisco Rincón 0-0: Ball
1-0: Ball
2-0: Ball
3-0: Called Strike
3-1: Base on Balls
Batting: RHB Peter Sexton 0-0: Ball
1-0: Ball
2-0: Foul Ball, location: 2F
2-1: Ground out 1-3 (Groundball, 34S)
Francisco Rincón to second
Batting: RHB Jonas Uttley 0-0: Ball
1-0: SINGLE (Line Drive, 89S)
Francisco Rincón to third
Batting: RHB Alden Isenhood 0-0: Ball
1-0: Called Strike
1-1: Foul Ball, location: 2F
1-2: Ball
2-2: Foul Ball, location: 2F
2-2: SINGLE (Line Drive, 7LS)
Francisco Rincón scores
Jonas Uttley to second
Batting: SHB Larry Peterson 0-0: Ground out 1-3 (Groundball, 15S)
Top of the 2nd over - 1 run(s), 2 hit(s), 0 error(s), 2 left on base; Cincinnati 1 - Plumstead 0
BOTTOM OF THE 2ND
Plumstead Eagles batting - Pitching for Cincinnati Pride : RHP Jesús Martínez
Batting: RHB Juan Caceres 0-0: Ball
1-0: Ball
2-0: Foul Ball, location: 2F
2-1: Ball
3-1: Foul Ball, location: 2F
3-2: Base on Balls
Batting: RHB Dan Banks 0-0: Grounds into double play, 5-4-3 (Groundball, 5)
Batting: RHB Donald Sanford 0-0: Ball
1-0: Foul Ball, location: 2F
1-1: Ball
2-1: Foul Ball, location: 2F
2-2: Ball
3-2: Base on Balls
Batting: RHB Louis Smith 0-0: Ball
1-0: Foul Ball, location: 2F
1-1: Foul Ball, location: 2F
1-2: Ball
2-2: Strikes out swinging
Bottom of the 2nd over - 0 run(s), 0 hit(s), 0 error(s), 1 left on base; Cincinnati 1 - Plumstead 0
TOP OF THE 3RD
Cincinnati Pride batting - Pitching for Plumstead Eagles : RHP Rich Townsley
Batting: SHB Nick Marshall 0-0: Fly out, F9 (Flyball, 89M)
Batting: LHB Ricardo Brandariz 0-0: Ball
1-0: Called Strike
1-1: Foul Ball, location: 2F
1-2: Strikes out swinging
Batting: RHB Fernando Díaz 0-0: Ball
1-0: Ball
2-0: Called Strike
2-1: Foul Ball, location: 2F
2-2: Foul Ball, location: 2F
2-2: Ground out 4-3 (Groundball, 4)
Top of the 3rd over - 0 run(s), 0 hit(s), 0 error(s), 0 left on base; Cincinnati 1 - Plumstead 0
BOTTOM OF THE 3RD
Plumstead Eagles batting - Pitching for Cincinnati Pride : RHP Jesús Martínez
Batting: RHB Tim Gardner 0-0: Ball
1-0: Foul Ball, location: 2F
1-1: Ball
2-1: Foul Ball, location: 2F
2-2: Strikes out swinging
Batting: RHB Norogumi Tanaka 0-0: Ball
1-0: Swinging Strike
1-1: Swinging Strike
1-2: Strikes out swinging
Batting: SHB Oliver Deleón 0-0: Ball
1-0: Ball
2-0: Ground out 6-3 (Groundball, 6M)
Bottom of the 3rd over - 0 run(s), 0 hit(s), 0 error(s), 0 left on base; Cincinnati 1 - Plumstead 0
TOP OF THE 4TH
Cincinnati Pride batting - Pitching for Plumstead Eagles : RHP Rich Townsley
Batting: RHB Richard Case 0-0: Ball
1-0: Ground out 4-3 (Groundball, 34)
Batting: RHB Francisco Rincón 0-0: Called Strike
0-1: Fly out, F4 (Popup, 9S)
Batting: RHB Peter Sexton 0-0: Called Strike
0-1: Called Strike
0-2: Foul Ball, location: 2F
0-2: Fly out, F8 (Flyball, 8RD)
Top of the 4th over - 0 run(s), 0 hit(s), 0 error(s), 0 left on base; Cincinnati 1 - Plumstead 0
BOTTOM OF THE 4TH
Plumstead Eagles batting - Pitching for Cincinnati Pride : RHP Jesús Martínez
Batting: LHB Dave Pitts 0-0: Ball
1-0: Ball
2-0: SOLO HOME RUN (Flyball, 78XD), Distance : 412 ft
Batting: RHB Wyatt McKinnon 0-0: SINGLE (Line Drive, 8LS)
Batting: RHB Juan Caceres 0-0: Called Strike
Wyatt McKinnon is caught stealing 2nd base
0-1: Swinging Strike
0-2: Strikes out swinging
Batting: RHB Dan Banks 0-0: Ball
1-0: Ball
2-0: Called Strike
2-1: Ball
3-1: Fly out, F4 (Popup, 34)
Bottom of the 4th over - 1 run(s), 2 hit(s), 0 error(s), 0 left on base; Cincinnati 1 - Plumstead 1
TOP OF THE 5TH
Cincinnati Pride batting - Pitching for Plumstead Eagles : RHP Rich Townsley
Batting: RHB Jonas Uttley 0-0: Ball
1-0: Ball
2-0: Swinging Strike
2-1: Ball
3-1: Foul Ball, location: 2F
3-2: Base on Balls
Batting: RHB Alden Isenhood 0-0: Called Strike
0-1: Ball
1-1: Fielders Choice at 2nd, 5-4 (Groundball, 5)
Batting: SHB Larry Peterson 0-0: Grounds into double play, 4-6-3 (Groundball, 34)
Top of the 5th over - 0 run(s), 0 hit(s), 0 error(s), 0 left on base; Cincinnati 1 - Plumstead 1
BOTTOM OF THE 5TH
Plumstead Eagles batting - Pitching for Cincinnati Pride : RHP Jesús Martínez
Batting: RHB Donald Sanford 0-0: Ball
1-0: Called Strike
1-1: Foul Ball, location: 2F
1-2: Ball
2-2: Ball
3-2: Strikes out swinging
Batting: RHB Louis Smith 0-0: Foul Ball, location: 2F
0-1: Ball
1-1: Ball
2-1: Ball
3-1: Called Strike
3-2: Base on Balls
Batting: RHB Tim Gardner 0-0: Ball
1-0: DOUBLE (Line Drive, 5L)
Louis Smith to third
Batting: RHB Norogumi Tanaka 0-0: Ball
1-0: Ball
2-0: Ball
3-0: Base on Balls
Batting: SHB Oliver Deleón 0-0: Called Strike
0-1: Called Strike
0-2: Foul Ball, location: 2F
0-2: Strikes out swinging
Batting: LHB Dave Pitts 0-0: Called Strike
0-1: Called Strike
0-2: Ball
1-2: Foul Ball, location: 2F
1-2: Ball
2-2: Ball
3-2: SINGLE (Groundball, 34)
Louis Smith scores
Tim Gardner to third
Norogumi Tanaka to second
Tim Gardner scores
Norogumi Tanaka to third
Pitching: LHP Joseph Byrne
Batting: RHB Wyatt McKinnon 0-0: Ball
1-0: Swinging Strike
1-1: Fly out, F9 (Flyball, 89D)
Bottom of the 5th over - 2 run(s), 2 hit(s), 0 error(s), 2 left on base; Cincinnati 1 - Plumstead 3
TOP OF THE 6TH
Cincinnati Pride batting - Pitching for Plumstead Eagles : RHP Rich Townsley
Batting: SHB Nick Marshall 0-0: Called Strike
0-1: Ball
1-1: Ball
2-1: Fly out, F8 (Flyball, 8LD)
Batting: LHB Ricardo Brandariz 0-0: Ball
1-0: Ground out U3 (Groundball, 3S)
Batting: RHB Fernando Díaz 0-0: Ball
1-0: Ball
2-0: Ball
3-0: Called Strike
3-1: Foul Ball, location: 2F
3-2: Base on Balls
Batting: RHB Richard Case 0-0: Called Strike
0-1: Swinging Strike
0-2: Ball
1-2: Ball
2-2: Strikes out swinging
Top of the 6th over - 0 run(s), 0 hit(s), 0 error(s), 1 left on base; Cincinnati 1 - Plumstead 3
BOTTOM OF THE 6TH
Plumstead Eagles batting - Pitching for Cincinnati Pride : LHP Joseph Byrne
Batting: RHB Juan Caceres 0-0: Foul Ball, location: 2F
0-1: Swinging Strike
0-2: Ball
1-2: Foul Ball, location: 2F
1-2: Ball
2-2: Strikes out looking
Batting: RHB Dan Banks 0-0: Ball
1-0: Ball
2-0: Ball
3-0: Base on Balls
Batting: RHB Donald Sanford 0-0: Ball
1-0: Called Strike
1-1: Foul Ball, location: 2F
1-2: Ball
2-2: SINGLE (Line Drive, 7S)
Dan Banks to second
Batting: RHB Louis Smith 0-0: Ball
1-0: Ball
2-0: Ground out 5-3 (Groundball, 5S)
Dan Banks to third
Donald Sanford to second
Batting: RHB Tim Gardner 0-0: Swinging Strike
0-1: Foul Ball, location: 2F
0-2: Ball
1-2: Fly out, F9 (Line Drive, 9M)
Bottom of the 6th over - 0 run(s), 1 hit(s), 0 error(s), 2 left on base; Cincinnati 1 - Plumstead 3
TOP OF THE 7TH
Cincinnati Pride batting - Pitching for Plumstead Eagles : RHP Rich Townsley
Batting: RHB Francisco Rincón 0-0: Ball
1-0: Ball
2-0: Called Strike
2-1: Foul Ball, location: 2F
2-2: Ground out 6-3 (Groundball, 6)
Batting: RHB Peter Sexton 0-0: Swinging Strike
0-1: Foul Ball, location: 2F
0-2: Strikes out looking
Batting: RHB Jonas Uttley 0-0: Ball
1-0: Foul Ball, location: 2F
1-1: Fly out, F6 (Popup, 56)
Top of the 7th over - 0 run(s), 0 hit(s), 0 error(s), 0 left on base; Cincinnati 1 - Plumstead 3
BOTTOM OF THE 7TH
Plumstead Eagles batting - Pitching for Cincinnati Pride : LHP Joseph Byrne
Batting: RHB Norogumi Tanaka 0-0: Ball
1-0: Ball
2-0: Ball
3-0: Called Strike
3-1: Called Strike
3-2: Base on Balls
Batting: SHB Oliver Deleón 0-0: Called Strike
0-1: Foul Ball, location: 2F
0-2: Foul Ball, location: 2F
0-2: Ball
1-2: Ball
2-2: Fly out, F6 (Popup, 6M)
Batting: LHB Dave Pitts 0-0: Ball
Norogumi Tanaka steals 2nd base
1-0: Called Strike
1-1: Swinging Strike
1-2: Ball
2-2: Ball
3-2: Ground out 4-3 (Groundball, 4)
Norogumi Tanaka to third
Batting: RHB Wyatt McKinnon 0-0: Called Strike
0-1: Foul Ball, location: 2F
0-2: Ball
1-2: Strikes out looking
Bottom of the 7th over - 0 run(s), 0 hit(s), 0 error(s), 1 left on base; Cincinnati 1 - Plumstead 3
TOP OF THE 8TH
Cincinnati Pride batting - Pitching for Plumstead Eagles : RHP Rich Townsley
Pitching: LHP Dave Watkins
Batting: RHB Alden Isenhood 0-0: Foul Ball, location: 2F
0-1: Swinging Strike
0-2: Ground out 2-3 (Groundball, 25)
Batting: SHB Larry Peterson 0-0: Called Strike
0-1: Ball
1-1: Swinging Strike
1-2: Strikes out looking
Batting: SHB Nick Marshall 0-0: Ball
1-0: Ball
2-0: Foul Ball, location: 2F
2-1: Ball
3-1: Called Strike
3-2: Strikes out swinging
Top of the 8th over - 0 run(s), 0 hit(s), 0 error(s), 0 left on base; Cincinnati 1 - Plumstead 3
BOTTOM OF THE 8TH
Plumstead Eagles batting - Pitching for Cincinnati Pride : LHP Joseph Byrne
Pitching: RHP Manuel Jimenen
Batting: RHB Juan Caceres 0-0: DOUBLE (Line Drive, 7LD)
Batting: RHB Dan Banks 0-0: Intentional Walk
Pinch Hitting: LHB Richard Henry 0-0: Ball
1-0: Ball
2-0: Called Strike
2-1: Foul Ball, location: 2F
2-2: Foul Ball, location: 2F
2-2: Strikes out swinging
Batting: RHB Louis Smith 0-0: Fly out, F9 (Flyball, 9LS)
Pinch Hitting: LHB Eduardo Rodríguez 0-0: Ball
1-0: Foul Ball, location: 2F
1-1: Foul Ball, location: 2F
1-2: Fly out, F8 (Flyball, 8LM)
Bottom of the 8th over - 0 run(s), 1 hit(s), 0 error(s), 2 left on base; Cincinnati 1 - Plumstead 3
TOP OF THE 9TH
Cincinnati Pride batting - Pitching for Plumstead Eagles : LHP Dave Watkins
Pitching: RHP Jeremy Murray
Now at 2B: Juan Magdayao
Now at 3B: Ethan Moore
Batting: LHB Ricardo Brandariz 0-0: Ball
1-0: Foul Ball, location: 2F
1-1: Foul Ball, location: 2F
1-2: Strikes out swinging
Batting: RHB Fernando Díaz 0-0: Called Strike
0-1: Ball
1-1: Swinging Strike
1-2: Foul Ball, location: 2F
1-2: Strikes out swinging
Batting: RHB Richard Case 0-0: Called Strike
0-1: Ground out U3 (Groundball, 3)
Top of the 9th over - 0 run(s), 0 hit(s), 0 error(s), 0 left on base; Cincinnati 1 - Plumstead 3
This league is powered by Out of the Park Baseball, the baseball management simulation game for PC, Mac and Linux
Wednesday, December 2nd, 2015 - OOTP Baseball 16.8 Build 38